 Dungeon Crawl Stone Soup version 0.30-a0-778-g2ef04afb54 (webtiles) character file.

Game seed: 15255940823305002147

288 Goldberg the Poker (level 6, 0/47 HPs)
             Began as a Human Fighter on Feb 16, 2023.
             Was a Follower of Wu Jian.
             Slain by a two-headed ogre
             ... wielding a +0 giant club
              (10 damage)
             ... on level 6 of the Dungeon.
             The game lasted 00:11:09 (2211 turns).

Goldberg the Poker (Human Fighter)                  Turns: 2211, Time: 00:11:10

Health: 0/47       AC:  8    Str: 19    XL:     6   Next: 57%
Magic:  6/6        EV:  9    Int:  8    God:    Wu Jian [*.....]
Gold:   158        SH:  4    Dex: 12    Spells: 5/5 levels left

rFire   + . .      SeeInvis .    j - +1 trident (protect)
rCold   x . .      Faith    .    c - +0 buckler
rNeg    . . .      Spirit   .    b - +1 scale mail
rPois   .          Reflect  .    (no helmet)
rElec   .          Harm     .    (no cloak)
rCorr   .          Rampage  .    (no gloves)
Will    .....                    (no boots) Stlth
                                 (no amulet)
HPRegen 0.27/turn                g - ring of fire
MPRegen 0.10/turn                (no ring)

@: no status effects
A: no striking features
a: Renounce Religion


You were on level 6 of the Dungeon.
You worshipped Wu Jian.
Wu Jian was aware of your devotion.
You visited 1 branch of the dungeon, and saw 4 of its levels.

You collected 158 gold pieces.

Inventory:

Hand Weapons
 a - a +0 trident
 j - a +1 trident of protection (weapon)
Armour
 b - a +1 scale mail (worn)
 c - a +0 buckler (worn)
 d - a +2 robe of the Archmagi
Jewellery
 g - a ring of fire (left hand)
Wands
 l - a wand of mindburst (18)
Scrolls
 e - a scroll of noise
 h - 2 scrolls of identify
 m - a scroll of poison
Potions
 f - a potion of curing
 k - a potion of flight


   Skills:
 + Level 3.5 Fighting
 * Level 5.2 Polearms
 + Level 3.9 Armour
 + Level 3.5 Shields


You had 5 spell levels left.
You didn't know any spells.
Your spell library contained the following spells:

 Spells                   Type           Power      Damage    Failure   Level
 Cause Fear               Hex            0%         N/A       100%        4
 Dragon Form              Tmut           0%         N/A       100%        7
 Dragon's Call            Summ           0%         N/A       100%        9


Dungeon Overview and Level Annotations

Branches:
Dungeon (3/15)

Altars:
Ru
Wu Jian

Annotations:
D:6 Blork the orc, Grinder


Message History

Your weapon exudes an aura of protection.
The bullfrog is lightly wounded.
The bullfrog hits you but does no damage.
You feel much better. The bullfrog hits you! The bullfrog barely misses you. x2
The bullfrog hits you but does no damage.
The bullfrog attacks as you move away!
The bullfrog hits you but does no damage.
Found 5 gold pieces.
The bullfrog attacks as you move away! You block the bullfrog's attack.
The bullfrog hits you but does no damage.
The bullfrog attacks as you move away!
The bullfrog hits you but does no damage.
The bullfrog hits you. The bullfrog attacks as you move away!
The bullfrog misses you.
Found a grey potion.
Found a stone staircase leading down.
The bullfrog hits you but does no damage.
Blork the orc and an orc come into view.
Found 21 gold pieces.
Found a stone staircase leading up.
You spin and attack the bullfrog.
You closely miss the bullfrog.
Blork the orc shouts!
You hear two shouts!
Something shouts, "Give up, thou mangled beef-witted mule!"
The bullfrog hits you.
A two-headed ogre and a shadow imp come into view.
The two-headed ogre shouts in stereo!
The shadow imp shouts, "Slither hence, thou mammering beef-witted prigger-of-prances!"
You hear a shout!
The bullfrog hits you. Blork the orc closely misses you.
The shadow imp moves out of view.
You see here a grey potion.
Found 3 boomerangs.
Found a stone staircase leading down.
You spin and attack Blork the orc.
You closely miss Blork the orc. Blork the orc barely misses you.
Blork the orc attacks as you move away!
Blork the orc hits you with a +0 war axe.
The bullfrog hits you but does no damage.
You lunge at the two-headed ogre.
You barely miss the two-headed ogre.
The two-headed ogre hits you with a +0 giant club!
* * * LOW HITPOINT WARNING * * *
The two-headed ogre hits you with a +0 giant club!
You die...

#..## #....#
#...### #....# .#
#....l####...$#...#
#....co..J.........
###########J#######
#..>.#....!....#
#.......o.....##
#.(.$...FFo...#
#...<.@.....##
##...O.....5.#
#....####.....
##... #...... #..#
....## #.. ...##
#.. .# #..


You could see a two-headed ogre, Blork the orc, 2 bullfrogs, a jelly, a shadow
imp and an orc.

Vanquished Creatures
  Sigmund (D:2)
  Natasha (twice) (D:2)
  3 adders
  A worm (D:3)
  A dart slug (D:2)
  3 orcs (D:3)
  3 ball pythons
  6 endoplasms
  A giant cockroach (D:3)
  8 goblins
  A hobgoblin (D:1)
  2 jackals (D:1)
  2 kobolds
  7 bats
  4 frilled lizards
  3 rats
  A bush (D:2)
49 creatures vanquished.

Notes
Turn   | Place    | Note
-------+----------+-------------------------------------------
     0 | D:1      | Goldberg the Human Fighter began the quest for the Orb.
     0 | D:1      | Reached XP level 1. HP: 18/18 MP: 1/1
   116 | D:1      | Reached XP level 2. HP: 24/24 MP: 2/2
   337 | D:1      | Reached XP level 3. HP: 28/29 MP: 3/3
   442 | D:1      | Found a faded altar of an unknown god.
   462 | D:1      | Prayed at the altar of an unknown god.
   462 | D:1      | Became a worshipper of the Wu Jian Council
   462 | D:1      | Reached * piety under Wu Jian
   836 | D:2      | Noticed Sigmund
   936 | D:2      | Killed Sigmund
   937 | D:2      | Reached skill level 4 in Polearms
   937 | D:2      | Reached XP level 4. HP: 4/35 MP: 4/4
   937 | D:2      | Reached XP level 5. HP: 4/41 MP: 5/5
   937 | D:2      | Reached XP level 6. HP: 5/47 MP: 6/6
  1259 | D:2      | Noticed Natasha
  1268 | D:2      | Killed Natasha
  1326 | D:2      | Noticed Natasha
  1337 | D:2      | Killed Natasha
  1338 | D:2      | Reached skill level 5 in Polearms
  2005 | D:3      | Found a sacrificial altar of Ru.
  2165 | D:3      | You fall into a shaft and drop 3 floors!
  2172 | D:6      | Noticed a sky beast
  2185 | D:6      | Noticed Grinder
  2207 | D:6      | Noticed Blork the orc
  2208 | D:6      | Noticed a two-headed ogre
  2211 | D:6      | Slain by a two-headed ogre

Illustrated notes

Levels and vault maps discovered:
D:1:      giann_wishing_wells, layout_rooms, chequers_ecumenical_altar_island
D:2:      layout_basic, minmay_hedge_maze, uniq_sigmund, uniq_natasha
D:3:      layout_rooms, mainiacjoe_overflow_paths
D:6:      minmay_recursive_quarters, layout_layer_cave,
          grunt_ashenzari_visionary [grunt_ashenzari_visionary_shoals,
          grunt_ashenzari_visionary_spider], uniq_menkaure, uniq_grinder,
          uniq_blork_the_orc

Skill      XL: |  1  2  3  4  5  6 |
---------------+-------------------+-----
Polearms       | 4 5 |  5.2
Fighting       | |  3.5
Armour         | |  3.9
Shields        | |  3.5

Action                     |  1- 3 |  4- 6 || total
---------------------------+-------+-------++-------
  Melee: Trident           |   102 |   190 ||   292
Ability: Whirlwind         |       |    10 ||    10
         Lunge             |       |     1 ||     1
    Use: Potion            |     5 |     1 ||     6
         Scroll            |     2 |     6 ||     8
 Armour: Scale mail        |    42 |    52 ||    94
  Dodge: Dodged            |    43 |    42 ||    85
  Block: Buckler           |    27 |    18 ||    45

Table legend: (Time is in decaauts)
 A = Elapsed time spent in this place.
 B = Non-inter-level travel time spent in this place.
 C = Inter-level travel time spent in this place.
 D = Time resting spent in this place.
 E = Time spent auto-exploring this place.
 F = Levels seen in this place.
 G = Mean time per level.
                   A        B        C        D        E       F      G
               +--------+--------+--------+--------+--------+-----+--------+
         Total |   2237 |   2237 |      0 |    193 |   1191 |   4 |  559.2 |
       Dungeon |   2237 |   2237 |      0 |    193 |   1191 |   4 |  559.2 |
               +--------+--------+--------+--------+--------+-----+--------+

Top non-repeatable levels by time:
     D:2: 1164 daAuts
     D:1: 723 daAuts
     D:3: 304 daAuts
     D:6: 45 daAuts
